 Dungeon Crawl Stone Soup version 0.24.0-13-gcf9b3192b9 (console) character file.

Game seed: 16226746331960354379, levelgen mode: deterministic

137 Kagalorn the Grasshopper (level 5, -2/43 HPs)
             Began as a Gnoll Warper on Nov 5, 2019.
             Killed from afar by an orc wizard (10 damage)
             ... with a puff of flame
             ... on level 3 of the Dungeon.
             The game lasted 00:07:20 (2426 turns).

Kagalorn the Grasshopper (Gnoll Warper)             Turns: 2426, Time: 00:07:21

Health: -2/43      AC:  3    Str: 14    XL:     5   Next: 20%
Magic:  10/12      EV: 14    Int: 16    God:
Gold:   105        SH:  0    Dex: 14    Spells: 12/14 levels left

rFire    . . .     SeeInvis .   a - +0 hand axe
rCold    . . .     Gourm    .   (no shield)
rNeg     . . .     Faith    .   b - +0 leather armour
rPois    .         Spirit   .   (no helmet)
rElec    .         Reflect  .   (no cloak)
rCorr    .         Harm     .   (no gloves)
MR       .....                  (no boots)
Stlth    +.........             (no amulet)
HPRegen  0.14/turn              (no ring)
MPRegen  0.13/turn              (no ring)

@: very slightly contaminated, lightly drained
A: distributed training, fangs 1, strong nose
a: no special abilities


You were on level 3 of the Dungeon.
You were very hungry.

You visited 1 branch of the dungeon, and saw 3 of its levels.

You collected 105 gold pieces.

Inventory:

Hand Weapons
 a - a +0 hand axe (weapon)
 j - a +0 hunting sling
 t - a +2 dagger of electrocution
 x - a +2 flail of crushing
 y - a +0 quarterstaff
Missiles
 e - 5 boomerangs of dispersal (quivered)
 l - 73 stones
 u - 18 sling bullets
Armour
 b - a +0 leather armour (worn)
Wands
 w - a wand of scattershot (5)
Scrolls
 c - a scroll of random uselessness {unknown}
 d - 2 scrolls of blinking
 g - a scroll of fear {unknown}
 h - a scroll of remove curse {unknown}
 i - a scroll of enchant armour {unknown}
 k - a scroll of enchant weapon {unknown}
 o - 3 scrolls of identify {unknown}
 z - a scroll of magic mapping {unknown}
Potions
 m - a potion of magic {unknown}
 n - a potion of lignification {unknown}
 p - a potion of cancellation {unknown}
 q - a potion of mutation {unknown}
 r - a potion of flight {unknown}
 s - a potion of curing
 A - a potion of resistance {unknown}
Comestibles
 f - 5 rations


   Skills:
 + Level 4.7(4.5) Fighting
 + Level 1.3(1.1) Short Blades
 + Level 1.3(1.1) Long Blades
 + Level 4.7(4.5) Axes
 + Level 1.3(1.1) Maces & Flails
 + Level 1.3(1.1) Polearms
 + Level 1.3(1.1) Staves
 + Level 1.3(1.1) Slings
 + Level 1.3(1.1) Bows
 + Level 1.3(1.1) Crossbows
 + Level 2.9(2.7) Throwing
 + Level 2.9(2.7) Armour
 + Level 4.7(4.5) Dodging
 + Level 1.3(1.1) Stealth
 + Level 1.3(1.1) Shields
 + Level 1.3(1.1) Unarmed Combat
 + Level 5.1(4.9) Spellcasting
 + Level 1.1(0.9) Conjurations
 + Level 1.1(0.9) Hexes
 + Level 1.1(0.9) Charms
 + Level 1.1(0.9) Summonings
 + Level 1.1(0.9) Necromancy
 + Level 5.5(5.3) Translocations
 + Level 1.1(0.9) Transmutations
 + Level 1.1(0.9) Fire Magic
 + Level 1.1(0.9) Ice Magic
 + Level 1.1(0.9) Air Magic
 + Level 1.1(0.9) Earth Magic
 + Level 1.1(0.9) Poison Magic
 + Level 1.5(1.3) Invocations
 + Level 1.3(1.1) Evocations


You had 12 spell levels left.
You knew the following spells:

 Your Spells              Type           Power        Failure   Level  Hunger
d - Blink                 Tloc           N/A          3%          2    ##.....

Your spell library contained the following spells:

 Spells                   Type           Power        Failure   Level  Hunger
 Gell's Gravitas          Tloc           ###.......   6%          3    ###....
 Lesser Beckoning         Tloc           ###.......   6%          3    ###....
 Teleport Other           Tloc           ###.....     6%          3    ###....
 Shroud of Golubria       Chrm/Tloc      ##....       9%          2    ##.....
 Passage of Golubria      Tloc           N/A          22%         4    ####...


Dungeon Overview and Level Annotations

Branches:
Dungeon (3/15)

Altars:


Innate Abilities, Weirdness & Mutations

Your experience applies equally to all skills.
You have very sharp teeth.
Your uncanny sense of smell can sniff out nearby items.


Message History

A puff of flame appears from out of thin air!
The puff of flame misses you.
You hit something.
You hear some strange, mumbled words.
A magic dart appears from out of thin air!
The magic dart hits you!
* * * LOW HITPOINT WARNING * * *
It was a potion of curing.
You feel better.
A centaur skeleton comes into view.
Something hits you but does no damage.
The centaur skeleton moves out of view.
Okay, then.
Casting: Blink (safe; 3% risk of failure)
Confirm with . or Enter, or press ? or * to list all spells.
You miscast Blink.
You are very lightly contaminated with residual magic.
Nothing appears to happen.
You hear some strange, mumbled words.
A puff of flame appears from out of thin air!
The puff of flame hits you!
You die...

#.##........##.#...###
#.#####.##..##.###.###
..# #.##..........## ###
#.###....##.#...
#.##..)####.####
#.#..#.# #.. ..
##.#.##.#########
.#.#####{...............
.......@)..###.#########
...######)## #.# ####
##..# #.# #... #...#
#.### ##.## oo......#.#
#...# #..# ......o...#
###.###.## ..##.o.#...
#.##..# #... ...)
#....## #...#.... ######


There were no monsters in sight!

Vanquished Creatures
  7 adders
  2 worms (D:2)
  3 leopard geckos
  3 orcs
  3 giant cockroaches
  6 goblins
  5 hobgoblins
  11 jackals (D:3)
  7 kobolds
  A quokka (D:2)
  A ball python (D:3)
  5 bats
  4 frilled lizards
  5 rats
63 creatures vanquished.

Notes
Turn   | Place    | Note
-------+----------+-------------------------------------------
     0 | D:1      | Kagalorn the Gnoll Warper began the quest for the Orb.
     0 | D:1      | Reached XP level 1. HP: 20/20 MP: 6/6
   238 | D:1      | Reached XP level 2. HP: 26/26 MP: 7/7
   249 | D:1      | Learned a level 2 spell: Blink
   629 | D:2      | Reached XP level 3. HP: 24/31 MP: 9/9
   648 | D:2      | Reached skill level 5 in Spellcasting
   948 | D:2      | Reached skill level 1 in Invocations
  1221 | D:2      | Reached skill level 1 in Short Blades
  1221 | D:2      | Reached skill level 1 in Long Blades
  1221 | D:2      | Reached skill level 1 in Maces & Flails
  1221 | D:2      | Reached skill level 1 in Polearms
  1221 | D:2      | Reached skill level 1 in Staves
  1221 | D:2      | Reached skill level 1 in Slings
  1221 | D:2      | Reached skill level 1 in Bows
  1221 | D:2      | Reached skill level 1 in Crossbows
  1221 | D:2      | Reached skill level 1 in Stealth
  1221 | D:2      | Reached skill level 1 in Shields
  1221 | D:2      | Reached skill level 1 in Unarmed Combat
  1221 | D:2      | Reached skill level 1 in Evocations
  1221 | D:2      | Reached XP level 4. HP: 26/38 MP: 11/11
  1967 | D:3      | Reached skill level 1 in Conjurations
  1967 | D:3      | Reached skill level 1 in Hexes
  1967 | D:3      | Reached skill level 1 in Charms
  1967 | D:3      | Reached skill level 1 in Summonings
  1967 | D:3      | Reached skill level 1 in Necromancy
  1967 | D:3      | Reached skill level 1 in Transmutations
  1967 | D:3      | Reached skill level 1 in Fire Magic
  1967 | D:3      | Reached skill level 1 in Ice Magic
  1967 | D:3      | Reached skill level 1 in Air Magic
  1967 | D:3      | Reached skill level 1 in Earth Magic
  1967 | D:3      | Reached skill level 1 in Poison Magic
  2125 | D:3      | Reached XP level 5. HP: 42/43 MP: 12/12
  2424 | D:3      | HP: 1/43 [something/magic dart (7)]
  2426 | D:3      | Killed from afar by an orc wizard

Levels and vault maps discovered:
D:1:      dpeg_arrival_arbitrary_c, layout_loops_ring
D:2:      layout_loops_ring, serial_glass, glass_columns_a, glass_columns_a,
          first_ration
D:3:      layout_rooms

Skill      XL: |  1  2  3  4 |
---------------+-------------+-----
Spellcasting   | 5 |  5.1
Invocations    | 1 |  1.5
Short Blades   | 1 |  1.3
Long Blades    | 1 |  1.3
Maces & Flails | 1 |  1.3
Polearms       | 1 |  1.3
Staves         | 1 |  1.3
Slings         | 1 |  1.3
Bows           | 1 |  1.3
Crossbows      | 1 |  1.3
Stealth        | 1 |  1.3
Shields        | 1 |  1.3
Unarmed Combat | 1 |  1.3
Evocations     | 1 |  1.3
Conjurations   | 1 |  1.1
Hexes          | 1 |  1.1
Charms         | 1 |  1.1
Summonings     | 1 |  1.1
Necromancy     | 1 |  1.1
Transmutations | 1 |  1.1
Fire Magic     | 1 |  1.1
Ice Magic      | 1 |  1.1
Air Magic      | 1 |  1.1
Earth Magic    | 1 |  1.1
Poison Magic   | 1 |  1.1
Fighting       | |  4.7
Axes           | |  4.7
Throwing       | |  2.9
Armour         | |  2.9
Dodging        | |  4.7
Translocations | |  5.5

Action                   |  1- 3 |  4- 6 || total
-------------------------+-------+-------++-------
Melee: Hand axe          |    90 |   141 ||   231
       Bite              |     9 |    13 ||    22
       Punch             |       |     1 ||     1
 Fire: Hunting sling     |     8 |     6 ||    14
  Use: Potion            |       |     1 ||     1
  Eat: Chunk             |       |     4 ||     4
Armor: Leather armour    |    12 |    37 ||    49
Dodge: Dodged            |    72 |   139 ||   211
